 Dungeon Crawl Stone Soup version 0.18.1-6-gd335043 (webtiles) character file.

404 Charly the Insei (level 6, -1/43 HPs)
             Began as a Vine Stalker Transmuter on May 16, 2016.
             Was an Initiate of Cheibriados.
             Slain by a yak (6 damage)
             ... on level 6 of the Dungeon.
             The game lasted 00:15:13 (1030 turns).

Charly the Insei (Vine Stalker Transmuter)          Turns: 1030, Time: 00:15:14

Health: -1/43      AC: 23    Str: 13    XL:     6   Next: 86%
Magic:  0/10       EV:  2    Int: 16    God:    Cheibriados [......]
Gold:   110        SH:  0    Dex: 16    Spells: 3 memorised, 3 levels left

rFire  . . .     SeeInvis .       - Unarmed
rCold  . . .     Gourm    .     (armour currently unavailable)
rNeg   + + +     Faith    .     (no shield)
rPois  +         Spirit   +     (helmet currently unavailable)
rElec  .         Dismiss  .     (cloak currently unavailable)
rCorr  .         Reflect  .     (gloves currently unavailable)
SustAt .         Harm     .     (boots currently unavailable)
MR     .....     NoTele   +     (no amulet)
Stlth  +.........               (no ring)
                                e - +3 ring of evasion

@: tree-form, very slow, not resistant to hostile enchantments, very unstealthy
A: (fangs 0), regeneration 2, magic shield, (antimagic bite), no device heal 3,
rot immunity
a: Bend Time, Renounce Religion


You were on level 6 of the Dungeon.
You worshipped Cheibriados.
Cheibriados was noncommittal.
You were not hungry.
You were a tree.
You visited 1 branch of the dungeon, and saw 8 of its levels.

You collected 194 gold pieces.
You spent 84 gold pieces at shops.

Inventory:

Missiles
 a - 7 arrows
Armour
 g - a +0 leather armour of poison resistance (melded)
 k - a +0 cloak (melded)
Jewellery
 e - a +3 ring of evasion (left branch)
Wands
 s - a wand of digging (6/24)
Scrolls
 b - a scroll of fear {unknown}
 h - a scroll of fog {unknown}
 i - a scroll of enchant armour {unknown}
 j - 2 scrolls of enchant weapon {unknown}
 l - a scroll of remove curse {unknown}
 n - a scroll of amnesia {unknown}
 o - a scroll of teleportation {unknown}
 q - a scroll of recharging {unknown}
 t - a scroll of magic mapping {unknown}
 u - 2 scrolls of immolation {unknown}
Potions
 f - a potion of brilliance
 m - a potion of cure mutation
 p - a potion of curing
 r - 2 potions of agility
Books
 c - a book of Changes

   Spells                             Type                      Level
   a - Beastly Appendage              Transmutation                1
   b - Sticks to Snakes               Transmutation                2
   c - Spider Form                    Transmutation/Poison         3
   d - Ice Form                       Ice/Transmutation            4
   e - Blade Hands                    Transmutation                5
Comestibles
 d - 4 bread rations


   Skills:
 - Level 0.8 Fighting
 - Level 1.5 Dodging
 + Level 6.1 Unarmed Combat
 - Level 2.1 Spellcasting
 + Level 4.6 Transmutations


You had 3 spell levels left.
You knew the following spells:

 Your Spells              Type           Power        Failure   Level  Hunger
a - Beastly Appendage     Trmt           ###...       3%          1    #......
s - Sticks to Snakes      Trmt           ###.....     6%          2    ###....
S - Spider Form           Trmt/Pois      #.........   28%         3    ###....


Dungeon Overview and Level Annotations

Branches:
Dungeon (8/15)             Temple (0/1) D:5
   Lair: D:8-11

Altars:
Cheibriados
Dithmenos
Gozag
Makhleb
Nemelex Xobeh
Pakellas
Ru

Shops:
D:5 *!


Innate Abilities, Weirdness & Mutations

((You have extremely sharp teeth.))
You heal very quickly.
When hurt, damage is shared between your health and your magic reserves.
((Your bite disrupts and absorbs the magic of your enemies.))
Potions and wands cannot restore your health.
You are immune to rotting.


Message History

The yak gores you.
You smack the yak!
The yak is moderately wounded.
The yak gores you but does no damage. x3
You hit the yak.
The yak is moderately wounded.
The yak gores you! The yak gores you but does no damage. The yak gores you!
You hit the yak but do no damage.
The yak is moderately wounded.
The yak gores you but does no damage. x3
You hit the yak.
The yak is heavily wounded.
The yak gores you.
* * * LOW HITPOINT WARNING * * *
The yak gores you but does no damage. The yak gores you!
* * * LOW HITPOINT WARNING * * *
You smack the yak!
The yak is almost dead.
The yak gores you but does no damage. x2; The yak gores you!
You die...

......#.....##.....##.# .#
......########.....##.# .#
.._................##....#
......########.....#######
......# #.....# .#....#
#.....# .#....# #.....#
.#....# #.....# ##....#
#.Y♣Y.# ###### ###Y### ..#
####


You could see 3 yaks.

Vanquished Creatures
  A yak (D:6)
  An ogre (D:4)
  An iguana (D:5)
  2 orc wizards
  2 worker ants (D:5)
  An ooze (D:7)
  A dart slug (D:5)
  A giant gecko (D:4)
  6 orcs
  3 giant cockroaches (D:4)
  2 goblins (D:3)
  5 jackals
  A quokka (D:6)
  2 ball pythons (D:3)
  2 bats
  A giant newt (D:4)
  2 kobolds
  A rat (D:3)
35 creatures vanquished.

Vanquished Creatures (collateral kills)
  A worker ant (D:4)
1 creature vanquished.

Grand Total: 36 creatures vanquished

Notes
Turn   | Place    | Note
--------------------------------------------------------------
     0 | D:1      | Charly the Vine Stalker Transmuter began the quest for the Orb.
     0 | D:1      | Reached XP level 1. HP: 9/9 MP: 4/4
    77 | D:2      | Found an oddly glowing altar of Pakellas.
    78 | D:2      | Found a sparkling altar of Nemelex Xobeh.
    79 | D:2      | Found an opulent altar of Gozag.
   125 | D:4      | Noticed a worker ant
   284 | D:3      | Reached XP level 2. HP: 14/14 MP: 6/6
   288 | D:3      | Learned a level 2 spell: Sticks to Snakes
   293 | D:4      | Noticed an ogre
   306 | D:5      | Entered Level 5 of the Dungeon
   395 | D:4      | Found a shadowy altar of Dithmenos.
   401 | D:4      | Found a sacrificial altar of Ru.
   469 | D:4      | Reached XP level 3. HP: 16/17 MP: 2/7
   474 | D:4      | Learned a level 3 spell: Spider Form
   530 | D:4      | Killed an ogre
   530 | D:4      | Reached skill level 4 in Unarmed Combat
   530 | D:4      | Reached XP level 4. HP: 21/21 MP: 5/8
   530 | D:4      | Reached XP level 5. HP: 25/25 MP: 5/9
   640 | D:5      | Found a snail-covered altar of Cheibriados.
   650 | D:5      | Became a worshipper of Cheibriados the Contemplative
   665 | D:5      | Reached skill level 5 in Unarmed Combat
   722 | D:5      | Found Zughisk's Distillery.
   730 | D:5      | Found a staircase to the Ecumenical Temple.
   780 | D:5      | Bought a potion of agility for 48 gold pieces
   780 | D:5      | Bought a potion of lignification for 36 gold pieces
   801 | D:5      | Gained mutation: You heal very quickly. [Vine Stalker growth]
   801 | D:5      | Reached XP level 6. HP: 29/29 MP: 6/10
   818 | D:5      | Found Rachiac's Assorted Antiques.
   989 | D:6      | Found a burning altar of Makhleb.
  1016 | D:6      | Noticed a yak
  1016 | D:6      | Noticed a yak
  1019 | D:6      | Noticed a yak
  1020 | D:6      | Noticed a yak
  1025 | D:6      | Killed a yak
  1025 | D:6      | Reached skill level 6 in Unarmed Combat
  1030 | D:6      | Slain by a yak

Skill      XL: |  1  2  3  4  5  6 |
---------------+-------------------+-----
Unarmed Combat | 4 5 6 |  6.1
Transmutations | 3 4 |  4.6
Fighting       | |  0.8
Dodging        | |  1.5
Spellcasting   | |  2.1

Action                   |  1- 3 |  4- 6 || total
-------------------------+-------+-------++-------
Melee: Unarmed           |    73 |    68 ||   141
       Bite              |     7 |    11 ||    18
       Punch             |       |     3 ||     3
 Cast: Sticks to Snakes  |     2 |     3 ||     5
       Spider Form       |     1 |     3 ||     4
  Use: Scroll            |       |     4 ||     4
       Potion            |       |     1 ||     1
 Stab: Sleeping          |     1 |       ||     1
  Eat: Royal jelly       |     1 |       ||     1
       Pizza             |       |     1 ||     1
Armor: Robe              |    11 |       ||    11
       Leather armour    |       |     5 ||     5
       Skin              |       |    17 ||    17
Dodge: Dodged            |    63 |    31 ||    94
